 Dungeon Crawl Stone Soup version 0.24.0-37-gcf1ca852f1 (webtiles) character file.

Game seed: 6371583691569549170, levelgen mode: deterministic

4238 grindst0ne the Nimble (level 10, -2/80 HPs)
             Began as a Vampire Gladiator on Nov 21, 2019.
             Was an Initiate of Gozag.
             Slain by a freezing wraith (20 damage)
             ... led by a death knight
             ... on level 9 of the Dungeon.
             The game lasted 00:13:15 (6109 turns).

grindst0ne the Nimble (Vampire Gladiator)           Turns: 6109, Time: 00:13:17

Health: -2/80      AC: 14    Str: 16    XL:     10   Next: 9%
Magic:  0/10       EV: 17    Int: 11    God:    Gozag
Gold:   498        SH:  0    Dex: 16    Spells: 9/9 levels left

rFire    . . .     SeeInvis +   G - +5 long sword
rCold    . . .     Gourm    .   (no shield)
rNeg     + . .     Faith    .   q - +2 ring mail {MR+}
rPois    .         Spirit   +   E - +2 helmet
rElec    .         Reflect  .   C - +0 cloak
rCorr    .         Harm     .   u - +0 pair of gloves
MR       ++...                  i - +0 pair of boots
Stlth    +.........             s - amulet of guardian spirit
HPRegen  0.43/turn              p - ring of positive energy
MPRegen  0.12/turn              v - ring of flight

@: regenerating quickly, slowed, very slow
A: no food, fangs 3, see invisible, unbreathing
a: Exsanguinate, Potion Petition, Call Merchant, Bribe Branch, Renounce
Religion, Evoke Flight


You were on level 9 of the Dungeon.
You worshipped Gozag.
Gozag was aware of your devotion.
You were alive.

You visited 2 branches of the dungeon, and saw 10 of its levels.

You collected 598 gold pieces.
You paid 100 gold pieces to Gozag.

Inventory:

Hand Weapons
 a - a +0 long sword
 A - the +7 short sword of the Key {pierce, Int+6}
   (You took it off an orc on level 4 of the Dungeon)

   It inflicts extra damage upon your enemies.
   It affects your intelligence (+6).
 G - a +5 long sword (weapon)
 L - the +9 spear of Valour {flame, rPois MP+9 Dex-4, unknown}
   (You found it on level 8 of the Dungeon)

   It has been specially enchanted to burn those struck by it, causing extra
   injury to most foes and up to half again as much damage against particularly
   susceptible opponents.
   It affects your dexterity (-4).
   It protects you from poison.
   It affects your magic capacity (+9).
Missiles
 d - 4 throwing nets (quivered)
Armour
 i - a +0 pair of boots (worn)
 q - a +2 ring mail of magic resistance (worn)
 u - a +0 pair of gloves (worn)
 B - a +4 scale mail
 C - a +0 cloak (worn)
 E - a +2 helmet (worn)
Jewellery
 p - a ring of positive energy (left hand)
 s - an amulet of guardian spirit (around neck)
 v - a ring of flight (right hand)
 J - an uncursed ring of see invisible {unknown}
Wands
 D - a wand of paralysis (11)
 I - a wand of disintegration (7)
 K - a wand of flame (19)
Scrolls
 b - 5 scrolls of remove curse
 k - 3 scrolls of amnesia {unknown}
 o - 3 scrolls of teleportation
 t - 4 scrolls of enchant armour {unknown}
 w - a scroll of blinking {unknown}
 x - 2 scrolls of noise {unknown}
 y - a scroll of magic mapping {unknown}
 M - a scroll of identify
Potions
 c - a potion of berserk rage {unknown}
 e - 7 potions of curing
 f - 2 potions of brilliance
 g - a potion of invisibility
 h - 3 potions of flight
 j - 3 potions of cancellation {unknown}
 l - 2 potions of mutation
 m - 3 potions of degeneration {unknown}
 n - 4 potions of heal wounds
 r - 3 potions of haste {unknown}
 z - 2 potions of lignification {unknown}
 F - 3 potions of agility {unknown}
 H - a potion of might {unknown}


   Skills:
 + Level 8.0 Fighting
 + Level 9.0 Long Blades
 - Level 1.5 Throwing
 + Level 2.7 Armour
 - Level 9.1 Dodging


You had 9 spell levels left.
You didn't know any spells.
Your spell library contained the following spells:

 Spells                   Type           Power        Failure   Level  Hunger
 Beastly Appendage        Tmut           #.....       54%         1    N/A
 Corona                   Hex            #......      54%         1    N/A
 Ensorcelled Hibernation  Hex/Ice        #.....       69%         2    N/A
 Sticks to Snakes         Tmut           #.......     69%         2    N/A
 Confuse                  Hex            #.......     89%         3    N/A
 Dazzling Spray           Conj/Hex       #.....       89%         3    N/A
 Spider Form              Tmut/Pois      #.........   89%         3    N/A
 Tukima's Dance           Hex            #.......     89%         3    N/A
 Ice Form                 Ice/Tmut       #.......     100%        4    N/A
 Blade Hands              Tmut           #.........   100%        5    N/A

Dungeon Overview and Level Annotations

Branches:
Dungeon (9/15)             Temple (1/1) D:6
   Lair: D:8-11         Orc: D:9-12

Altars:
Ashenzari
Cheibriados
Dithmenos
Elyvilon
Fedhas
Gozag
Hepliaklqana
Kikubaaqudgha
Makhleb
Nemelex Xobeh
Okawaru
Qazlal
Ru
Sif Muna
Trog
Uskayaw
Vehumet
Wu Jian
Xom
Yredelemnul
Zin
The Shining One
Beogh

Annotations:
D:5 exclusion: downstairs
D:6 1 runed translucent door, night's ghost, novice OpFi


Innate Abilities, Weirdness & Mutations

You do not eat.
Your natural rate of healing is unusually fast.
You have razor-sharp teeth.
You have supernaturally acute eyesight. (SInv)
You can survive without breathing.


Message History

The freezing wraith is heavily damaged.
The freezing wraith completely misses you.
You riposte.
You hit the freezing wraith.
The freezing wraith is severely damaged.
The freezing wraith hits you!
You closely miss the freezing wraith.
The freezing wraith is severely damaged.
The freezing wraith hits you! The freezing wraith freezes you!
The freezing wraith closely misses you. The freezing wraith misses you. x2
You hit the freezing wraith.
The freezing wraith is severely damaged.
The freezing wraith hits you but does no damage.
The freezing wraith misses you.
You hit the freezing wraith.
The freezing wraith is almost destroyed.
The freezing wraith hits you!
* * * LOW HITPOINT WARNING * * *
The freezing wraith freezes you!!
You die...
Your body crumbles into a pile of gold.

#.###..##.#..##.#
...........<..#.#
#.####..###...#.#
..........#...#.#
#.#####.#.#...#.#
#.........#...#.#
#######...#...#.# #
..#...#.########
#######
#.#.....@WWW....
......#
#.##.<#.#######.
....#.#
#..#.......)# ....#
#..#..#..####
....#####.....#####
..........#........(
#.#########..#######
#.# #..# #.# #..#


You could see a freezing wraith and 2 wraiths.

Vanquished Creatures
  A hippogriff (D:8)
  Sigmund (D:3)
  A spriggan (D:7)
  2 hungry ghosts (D:8)
  Edmund (D:4)
  A black bear (D:5)
  3 ice beasts
  2 phantoms
  2 sky beasts
  4 centaurs
  3 ogres
  2 bullfrogs (D:8)
  A wyvern skeleton (D:8)
  3 scorpions (D:8)
  The ghost of Flugslaktarn the Shield-Bearer, a weakling MiFi (D:4)
  11 killer bees (D:7)
  5 wights
  2 howler monkeys
  4 crimson imps
  A bullfrog zombie (D:6)
  3 hounds
  A jelly (D:9)
  5 orc priests
  A bullfrog skeleton (D:4)
  2 orc wizards (D:7)
  An iguana (D:5)
  Natasha (thrice) (D:2)
  3 worker ants
  2 hound skeletons (D:5)
  Robin (D:4)
  7 adders
  4 gnolls (D:7)
  3 worms
  3 dart slugs
  2 leopard geckos
  18 orcs
  7 giant cockroaches
  15 goblins
  7 hobgoblins
  6 jackals
  4 kobolds
  2 quokkas (D:8)
  A ball python (D:3)
  6 bats
  2 frilled lizards
  12 rats
  A plant (D:4)
173 creatures vanquished.

Notes
Turn   | Place    | Note
-------+----------+-------------------------------------------
     0 | D:1      | grindst0ne the Vampire Gladiator began the quest for the
                  | Orb.
     0 | D:1      | Reached XP level 1. HP: 16/16 MP: 1/1
   183 | D:1      | Reached XP level 2. HP: 22/22 MP: 2/2
   660 | D:2      | Reached XP level 3. HP: 22/27 MP: 3/3
   693 | D:2      | Found a sacrificial altar of Ru.
   779 | D:2      | Noticed Natasha
   783 | D:2      | Killed Natasha
   783 | D:2      | Reached XP level 4. HP: 34/34 MP: 4/4
   876 | D:2      | Noticed Natasha
   882 | D:2      | Killed Natasha
   911 | D:2      | You fall into a shaft and drop 1 floor!
   911 | D:3      | Noticed Sigmund
   932 | D:3      | Killed Sigmund
   932 | D:3      | Reached skill level 5 in Dodging
   932 | D:3      | Reached XP level 5. HP: 24/41 MP: 3/5
  1042 | D:2      | Noticed Natasha
  1046 | D:2      | Killed Natasha
  1046 | D:2      | Reached XP level 6. HP: 33/47 MP: 3/6
  1787 | D:4      | Noticed Edmund
  1825 | D:4      | Killed Edmund
  1825 | D:4      | Reached skill level 5 in Long Blades
  1825 | D:4      | Reached XP level 7. HP: 33/54 MP: 4/7
  1997 | D:4      | Found an iron altar of Okawaru.
  2126 | D:4      | Noticed Robin
  2140 | D:4      | Killed Robin
  2433 | D:4      | Identified the +7 short sword of the Key {pierce, Int+6}
  2435 | D:4      | Noticed Flugslaktarn's ghost (weakling MiFi)
  2436 | D:4      | Found a runed translucent gate.
  2440 | D:4      | Found a runed translucent gate.
  2441 | D:4      | Found a runed translucent gate.
  2472 | D:4      | Killed Flugslaktarn's ghost
  2581 | D:4      | Found a roughly hewn altar of Beogh.
  2666 | D:5      | Entered Level 5 of the Dungeon
  3086 | D:5      | Reached skill level 5 in Fighting
  3180 | D:5      | Reached XP level 8. HP: 62/62 MP: 8/8
  3901 | D:6      | Found a staircase to the Ecumenical Temple.
  4113 | D:6      | Found a stormy altar of Qazlal.
  4121 | D:6      | Found a runed translucent door.
  4125 | D:6      | Noticed night's ghost (novice OpFi)
  4155 | D:6      | Found a white marble altar of Elyvilon.
  4501 | D:7      | Reached XP level 9. HP: 71/71 MP: 9/9
  5076 | Temple   | Entered the Ecumenical Temple
  5299 | Temple   | Became a worshipper of Gozag Ym Sagoz the Greedy
  5379 | D:7      | Noticed a moth of wrath
  5391 | D:7      | Found a bloodstained altar of Trog.
  5628 | D:8      | Reached skill level 1 in Armour
  5799 | D:8      | Found a stormy altar of Qazlal.
  5826 | D:8      | Got a brightly glowing spear
  5842 | D:8      | Reached XP level 10. HP: 69/80 MP: 8/10
  6109 | D:9      | Slain by a freezing wraith

Levels and vault maps discovered:
D:1:      moated_graveyard_arrival, layout_loops_cross, nrook_campfire
D:2:      layout_rooms, nicolae_ru_awakened_eye, first_ration, uniq_natasha
D:3:      layout_loops_ring, uniq_sigmund
D:4:      layout_loops_ring, okawaru_trees_2, serial_forest,
          infiniplex_forest_clump_diagonal, infiniplex_forest_lined_1,
          infiniplex_forest_lined_2, infiniplex_forest_lined_3_way,
          infiniplex_forest_end_double, infiniplex_forest_clump_diagonal,
          infiniplex_forest_clump_diagonal, biasface_ghost_orc_armoury,
          uniq_edmund, uniq_robin
D:5:      black_bear_nest_1, layout_basic
D:6:      layout_basic, nicolae_overflow_crystal_walls,
          minmay_temple_entry_from_below_b, basic_altar, ebering_ghost_sewer_d,
          hangedman_glass_teeth
D:7:      layout_cave_pools, tgw_trog, serial_glass, glass_columns_b,
          glass_columns_c, the_bakery
D:8:      layout_cave_pools, david_defended_altar_elf
D:9:      layout_basic, dpeg_oklobed_lair
Temple:   dpeg_five_rooms_temple

Skill      XL: |  1  2  3  4  5  6  7  8  9 10 |
---------------+-------------------------------+-----
Fighting       | 2 3 4 5 6 7 8 |  8.0
Dodging        | 4 5 6 8 9 |  9.1
Long Blades    | 4 5 6 7 8 9 |  9.0
Armour         | 2 |  2.7
Throwing       | |  1.5

Action                   |  1- 3 |  4- 6 |  7- 9 | 10-12 || total
-------------------------+-------+-------+-------+-------++-------
Melee: Long sword        |    51 |   130 |   256 |    46 ||   483
       Bite              |     7 |    17 |    62 |     7 ||    93
       Short sword       |       |       |   154 |       ||   154
Evoke: Wand              |       |       |       |     3 ||     3
  Use: Scroll            |     2 |     2 |     4 |       ||     8
       Potion            |       |       |     4 |       ||     4
 Stab: Invisible         |       |       |     7 |       ||     7
       Distracted        |       |       |     1 |     1 ||     2
Armor: Leather armour    |    11 |       |       |       ||    11
       Ring mail         |     2 |    33 |   127 |    13 ||   175
       Scale mail        |       |       |     2 |       ||     2
Dodge: Dodged            |    38 |    77 |   331 |    37 ||   483
       Rpst.: Long sword |    12 |    22 |    65 |     9 ||   108
